Unix NetHack Version 3.7.0-66 Work-in-progress - last build Oct 24 2022 02:09:04 (0cf9ee0665dfd4e3628fd2b6ead320895a4d4695,branch:master). Game began 2022-10-26 19:52:22, ended 2022-10-26 20:42:46. aerth, neutral female human Monk ---------------- |..............| |.[@a......[.... |..............|## |..............-####--.------- ---------------- #.........| #|........| |........+ |....<...| ---------- Aerth the Initiate St:18/02 Dx:14 Co:15 In:11 Wi:10 Ch:8 Neutral Dlvl:7 $:2294 HP:0(59) Pw:34(34) AC:6 Xp:8/1419 T:5286 Burdened Latest messages: The barrow wight misses! The barrow wight casts a spell! The barrow wight is suddenly moving faster. The barrow wight hits! The barrow wight misses! You destroy the barrow wight! The ettin zombie hits! The ettin zombie hits! You feel a bit steadier now. The ettin zombie hits! The ettin zombie hits! Are you sure you want to pray? [yn] (n) You begin praying to Chih Sung-tzu. You are surrounded by a shimmering light. The ettin zombie starts to attack you, but pulls back. The ettin zombie starts to attack you, but pulls back. You finish your prayer. You feel that Chih Sung-tzu is well-pleased. You climb up the stairs. You hear a door open. You stop searching. Really save? [yn] (n) Saving... Restoring save file... Hello aerth, the human Monk, welcome back to NetHack! Be careful! New moon tonight. Your movements are slowed slightly because of your load. What do you want to drop? [$abf-ik-qstxyA-CFGJ-LNOQSTVXY or ?*] Never mind. You were wearing an uncursed +2 pair of leather gloves. You were wearing an uncursed +1 robe. You finish disrobing. What do you want to drop? [$abf-ik-qstxyA-CFGJ-LNOQSTVXY or ?*] You drop an uncursed +1 robe. What do you want to drop? [$abf-ikln-qstxyA-CFGJ-LNOQSTVXY or ?*] You drop an uncursed +2 pair of leather gloves. The fire ant just misses! The fire ant bites! You're on fire! Your candle catches light! You begin striking monsters with your bare hands. You hit the fire ant! The fire ant bites! The fire ant bites! You're on fire! The fire ant bites! The fire ant bites! You're on fire! The fire ant bites! You die... Inventory: Coins ('$') $ - 2294 gold pieces Amulets ('"') F - a cursed amulet of change Weapons (')') O - 7 blessed +1 darts K - 14 uncursed +0 darts Armor ('[') o - an uncursed +0 orcish helm (being worn) T - a blessed +1 pair of iron shoes (being worn) V - an uncursed +0 shield of reflection Comestibles ('%') g - 6 uncursed apples f - 6 uncursed food rations i - 3 uncursed fortune cookies y - an uncursed lembas wafer h - 6 uncursed oranges l - an uncursed lichen corpse Wands ('/') x - an uncursed wand of cancellation (0:7) S - an uncursed wand of lightning (0:4) C - an uncursed wand of striking (0:3) Tools ('(') b - an uncursed sack containing 26 items p - an uncursed blindfold n - an uncursed oil lamp (lit) k - an uncursed skeleton key G - an uncursed stethoscope L - an uncursed partly used tallow candle (lit) Y - an uncursed tin whistle q - an uncursed tinning kit (0:35) t - an uncursed towel Gems/Stones ('*') Q - an uncursed worthless piece of blue glass A - 2 uncursed worthless pieces of green glass s - an uncursed worthless piece of orange glass N - an uncursed worthless piece of red glass X - an uncursed worthless piece of violet glass B - 4 uncursed worthless pieces of yellow glass J - an uncursed worthless piece of yellowish brown glass Contents of the sack: a blessed scroll of blank paper an uncursed scroll of blank paper a cursed scroll of blank paper an uncursed scroll of create monster 2 uncursed scrolls of create monster a cursed scroll of enchant armor an uncursed scroll of gold detection a cursed scroll of gold detection an uncursed scroll of identify an uncursed scroll of light an uncursed scroll of remove curse an uncursed scroll of scare monster an uncursed scroll of stinking cloud an uncursed scroll of taming an uncursed scroll of teleportation an uncursed scroll of teleportation an uncursed spellbook of sleep an uncursed potion of fruit juice an uncursed potion of hallucination 3 uncursed potions of healing an uncursed potion of invisibility an uncursed potion of object detection an uncursed potion of oil an uncursed potion of restore ability 2 uncursed potions of water an uncursed ring of stealth Aerth the Monk's attributes: Background: You were an Initiate, a level 8 female human Monk. You were neutral, on a mission for Chih Sung-tzu who was opposed by Shan Lai Ching (lawful) and Huan Ti (chaotic). You were in the Dungeons of Doom, on level 7. You entered the dungeon 5286 turns ago. There was a new moon in effect when your adventure ended. You had 1419 experience points, 1141 more were needed to attain level 9. Basics: You had 0 out of 59 hit points. You had all 34 energy points (spell power). Your armor class was 6. Your wallet contained 2294 zorkmids. Autopickup was on for '$?!"=/*', with exceptions. Final Characteristics: Your strength was 18/02 (peak:18/03, limit:18/100). Your dexterity was 14 (limit:18). Your constitution was 15 (limit:18). Your intelligence was 11 (limit:18). Your wisdom was 10 (limit:18). Your charisma was 8 (limit:18). Final Status: You were not hungry. You were burdened; movement was slightly slowed. You were bare handed. You were skilled in martial arts. Final Attributes: You were piously aligned. You were sleep resistant. You were poison resistant. You saw invisible. You were telepathic. You were warned. You were stealthy. You were fast. You are dead. Miscellaneous: You disabled loading of bones levels. Total elapsed playing time was 42 minutes and 40 seconds. Major events: Turn 1: aerth the neutral female human Monk entered the dungeon 774: attained the rank of Novice (level 3) 828: entered the Gnomish Mines 1573: attained the rank of Initiate (level 6) 3224: reached Mine Town 5286: killed by a fire ant Vanquished creatures: a large mimic a small mimic a wolf an ice vortex a vampire bat an owlbear a jaguar a human zombie a soldier ant a bugbear a water nymph a rock mole 2 yellow lights a shrieker 6 gnome leaders 3 gnomish wizards 2 gray oozes a barrow wight 2 ghouls a paper golem 2 giant ants 4 floating eyes 6 dwarves a kobold leader 17 hill orcs 3 orc zombies a dwarf zombie 4 iguanas 3 hobbits 2 large kobolds a hobgoblin a giant rat a red mold 19 gnomes 2 gnome zombies 6 geckos 2 jackals 3 goblins a sewer rat 2 grid bugs a bat 2 lichens 2 kobold zombies 9 newts 125 creatures vanquished. No species were genocided or became extinct. Voluntary challenges: You read items or engraved 3 times. You engraved Elbereth 1 time. You never genocided any monsters. You never polymorphed an object. You never changed form. You used no wishes. Achievements: You entered a shop. You attained the rank of Novice. You entered the Gnomish Mines. You attained the rank of Initiate. You entered Minetown. You entered a temple. The Dungeons of Doom: levels 1 to 8 Level 1: A fountain. Level 2: Level 3: "vault" A fountain. Level 4: A bookstore. Stairs down to The Gnomish Mines. Level 5: Level 6: A scroll shop, a fountain. Level 7: <- You were here. Final resting place for you, killed by a fire ant. Level 8: The Gnomish Mines: levels 5 to 7 Level 5: Level 6: Level 7: Many shops, a temple, some fountains. Game over: ---------- / \ / REST \ / IN \ / PEACE \ / \ | aerth | | 2294 Au | | killed by a fire | | ant | | | | | | 2022 | *| * * * | * _________)/\\_//(\/(/\)/\//\/|_)_______ Goodbye aerth the Monk... You died in The Dungeons of Doom on dungeon level 7 with 8091 points, and 2294 pieces of gold, after 5286 moves. You were level 8 with a maximum of 59 hit points when you died.